 Dungeon Crawl Stone Soup version 0.29-a0-575-g0dc89cf053 (webtiles) character file.

Game seed: 14647850597472838482

546 freelancePsychic the Grave Robber (level 7, -1/38 (51) HPs)
             Began as a Vampire Wanderer on June 12, 2022.
             Was an Initiate of Vehumet.
             Slain by a wight
             ... wielding a +0 great sword
              (20 damage)
             ... on level 6 of the Dungeon.
             The game lasted 00:11:04 (5113 turns).

freelancePsychic the Grave Robber (VpWn)            Turns: 5113, Time: 00:11:04

HP:   -1/38 (51)    AC:  5    Str:  7      XL:     7   Next: 6%
MP:   11/11         EV: 12    Int: 24 (25) God:    Vehumet [......]
Gold: 179           SH:  4    Dex: 15      Spells: 6/12 levels left

rFire   . . .      SeeInvis +   a - +0 dagger
rCold   . . .      Faith    .   d - +0 buckler
rNeg    . . .      Spirit   .   c - +0 robe
rPois   .          Reflect  .   (no helmet)
rElec   .          Harm     .   (no cloak)
rCorr   .          Rampage  .   s - +2 pair of gloves
Will    +....                   (no boots)
Stlth   +++.......              p - amulet of regeneration
HPRegen 1.12/turn               w - +6 ring of intelligence
MPRegen 0.12/turn               x - ring of willpower

@: healing quickly, very heavily drained
A: alive, fangs 3, see invisible, vampiric 2, deterioration 1, evolution 1
a: Exsanguinate, Renounce Religion


You were on level 6 of the Dungeon.
You worshipped Vehumet.
Vehumet was noncommittal.
You visited 1 branch of the dungeon, and saw 7 of its levels.

You collected 179 gold pieces.

Inventory:

Hand Weapons
 a - a +0 dagger (weapon)
Armour
 c - a +0 robe (worn)
 d - a +0 buckler (worn)
 s - a +2 pair of gloves (worn)
Jewellery
 p - an amulet of regeneration (around neck)
 v - an amulet of the acrobat
 w - a +6 ring of intelligence (left hand)
 x - a ring of willpower (right hand)
Wands
 y - a wand of iceblast (11)
Scrolls
 g - 2 scrolls of enchant armour
 j - a scroll of amnesia
 k - a scroll of blinking {unknown}
 l - 2 scrolls of magic mapping
 m - a scroll of teleportation {@r4}
 q - a scroll of fear {unknown}
 r - a scroll of noise {unknown}
 t - a scroll of vulnerability {unknown}
 z - a scroll of identify {@r1}
Potions
 b - a potion of attraction
 e - a potion of mutation
 f - 2 potions of curing {@q1}
 h - a potion of resistance {unknown}
 i - 2 potions of invisibility {unknown}
 n - a potion of haste {unknown}
 o - 4 potions of degeneration {unknown}
 u - a potion of lignification {unknown}


   Skills:
 + Level 2.9 Fighting
 + Level 1.5 Short Blades
 - Level 1.0 Armour
 - Level 2.1 Dodging
 - Level 4.9 Stealth
 - Level 1.0 Shields
 - Level 3.2 Spellcasting
 + Level 2.1 Hexes
 - Level 5.6 Necromancy
 - Level 1.0 Translocations
 + Level 1.3 Ice Magic


You had 6 spell levels left.
You knew the following spells:

 Your Spells              Type           Power      Damage    Failure   Level
a - Necrotize             Necr           100%       1d9       1%          1
b - Vampiric Draining     Necr           31%        2d8       4%          3
c - Ensorcelled Hibernat  Hex/Ice        24%        N/A       11%         2

Your spell library contained the following spells:

 Spells                   Type           Power      Damage    Failure   Level
 Sublimation of Blood     Necr           31%        N/A       2%          2
 Apportation              Tloc           16%        N/A       10%         1
 Foxfire                  Conj/Fire      12%        2x1d4     14%         1
 Magic Dart               Conj           12%        1d3       14%         1
 Summon Small Mammal      Summ           12%        N/A       14%         1
 Call Imp                 Summ           3%         N/A       22%         2
 Passwall                 Tmut/Erth      2%         N/A       22%         2
 Portal Projectile        Hex/Tloc       22%        N/A       22%         3
 Inner Flame              Hex/Fire       8%         N/A       28%         3
 Conjure Flame            Conj/Fire      3%         6-21      41%         3
 Mephitic Cloud           Conj/Pois/Air  3%         N/A       41%         3
 Swiftness                Air            3%         N/A       41%         3
 Flame Wave               Conj/Fire      3%         2d4       82%         4
 Alistair's Intoxication  Tmut/Pois      2%         N/A       99%         5


Dungeon Overview and Level Annotations

Branches:
Dungeon (7/15)             Temple (0/1) D:5

Altars:
Vehumet

Annotations:
D:4 exclusion: orc priest, Pikel
D:5 exclusion: steam dragon
D:6 exclusion: 2 wights


Innate Abilities, Weirdness & Mutations

Your natural rate of healing is accelerated.
You have razor-sharp teeth.
You have supernaturally acute eyesight. (SInv)
You are afflicted with vampirism and can become a bat while bloodless.
Your body sometimes deteriorates upon taking damage.
You have hidden genetic potential.


Message History

You see here 13 stones.
Found an escape hatch in the floor.
Found a short sword.
o - 4 fuming white potions (gained 2)
l - 2 scrolls of magic mapping (gained 1)
A hound comes into view.
The helpless hound fails to defend itself.
You impale the hound!!
You kill the hound!
Vehumet accepts your kill.
Your Hexes skill increases to level 2!
You see here a hound corpse.
You see here a +0 club.
Found a stone staircase leading down.
There is a stone staircase leading down here.
A wight comes into view. It is wielding a +0 great sword.
There is a stone staircase leading down here.
You climb downwards.
The orc shouts!
You hear a shout!
Found 20 stones and 3 scrolls of teleportation.
Found an escape hatch in the floor.
There is a stone staircase leading up here.
An orc warrior comes into view. It is wielding a +0 hand axe.
An orc comes into view. It is wielding a +0 short sword.
An orc warrior comes into view. It is wielding a +0 flail.
An orc comes into view. It is wielding a +0 flail.
The orc hits you with a +0 hand axe.
You climb upwards.
Level annotation: exclusion: 2 wights The wight hits you with a +0 great sword!!
Your body deteriorates!
You feel dopey.
You feel drained.
There is a stone staircase leading down, spattered with blood here.
You block the orc's attack. The orc attacks as you move away!
You block the orc's attack. The wight attacks as you move away!
The wight barely misses you. The wight attacks as you move away!
The wight hits you with a +0 great sword!!
Ouch! That really hurt!
You die...

.#
##...##.##.######
## .....#......#
#...####.#.####
##...###.......#
#...>..........#
#.##.###.......#
#.#.##o#
#.......#
#.....z#
#.........
#.#.##@#
#.......## .. #.#
#.......# #. #.#
#######.# # #.#
.# #.# ..# ...
#.#


You could see a wight and an orc.

Vanquished Creatures
  A centaur (D:5)
  An ogre (D:6)
  A necrophage (D:6)
  2 scorpions
  A hound (D:6)
  An iguana (D:4)
  2 gnolls (D:4)
  3 adders
  A shadow imp (D:4)
  2 worms
  A dart slug (D:5)
  3 orcs
  7 bats
  7 endoplasms
  3 giant cockroaches
  2 goblins
  10 hobgoblins
  2 quokkas
  9 ball pythons
  5 frilled lizards
  7 kobolds
  9 rats
80 creatures vanquished.

Vanquished Creatures (collateral kills)
  A gnoll (D:4)
  An endoplasm (D:1)
  A kobold (D:1)
  A ball python (D:1)
  A bat (D:1)
  A rat (D:1)
6 creatures vanquished.

Grand Total: 86 creatures vanquished

Notes
Turn   | Place    | Note
-------+----------+-------------------------------------------
     0 | D:1      | freelancePsychic the Vampire Wanderer began the quest for
                  | the Orb.
     0 | D:1      | freelancePsychic set off with the following items: a +0
                  | dagger, a potion of attraction, a +0 robe, a +0 buckler;
                  | and the following spells available to memorise: Necrotize,
                  | Sublimation of Blood, Apportation, Vampiric Draining,
                  | Portal Projectile
     0 | D:1      | Reached XP level 1. HP: 13/13 MP: 2/2
     2 | D:1      | Learned a level 1 spell: Necrotize
   162 | D:1      | Reached XP level 2. HP: 20/20 MP: 1/3
   485 | D:1      | Found a faded altar of an unknown god.
   509 | D:1      | Reached skill level 5 in Necromancy
   519 | D:1      | Gained mutation: You are afflicted with vampirism and can
                  | become a bat while bloodless. [Vampire growth]
   519 | D:1      | Reached XP level 3. HP: 18/25 MP: 0/5
   782 | D:1      | Reached skill level 1 in Stealth
  1503 | D:2      | Learned a level 3 spell: Vampiric Draining
  2237 | D:3      | Reached XP level 4. HP: 30/31 MP: 0/7
  2891 | D:4      | Found a radiant altar of Vehumet.
  2896 | D:4      | Became a worshipper of Vehumet
  3048 | D:4      | Noticed a scorpion
  3059 | D:4      | Killed a scorpion
  3060 | D:4      | Reached skill level 1 in Fighting
  3060 | D:4      | Reached XP level 5. HP: 32/37 MP: 0/8
  3432 | D:4      | Noticed Pikel
  3432 | D:4      | Noticed a lemure
  3432 | D:4      | Noticed a lemure
  3432 | D:4      | Noticed a lemure
  3435 | D:4      | Noticed a lemure
  3464 | D:3      | Reached XP level 6. HP: 44/44 MP: 5/10
  3507 | D:5      | Entered Level 5 of the Dungeon
  3838 | D:5      | Found a staircase to the Ecumenical Temple.
  4404 | D:5      | Noticed a steam dragon
  4669 | D:6      | Reached skill level 1 in Hexes
  4802 | D:6      | Learned a level 2 spell: Ensorcelled Hibernation
  4847 | D:6      | Gained mutation: Your spells are a little easier to cast,
                  | but a little less powerful. [potion of mutation]
  4847 | D:6      | Gained mutation: Your flesh is cold resistant. (rC+)
                  | [potion of mutation]
  4861 | D:6      | Reached skill level 1 in Short Blades
  4861 | D:6      | Reached skill level 1 in Ice Magic
  4861 | D:6      | Reached XP level 7. HP: 26/40 MP: 11/11
  4861 | D:6      | Lost mutation: Your spells are a little easier to cast, but
                  | a little less powerful. [potion of mutation]
  4861 | D:6      | Lost mutation: Your flesh is cold resistant. (rC+) [potion
                  | of mutation]
  4861 | D:6      | Gained mutation: Your body sometimes deteriorates upon
                  | taking damage. [potion of mutation]
  4861 | D:6      | Gained mutation: You have hidden genetic potential. [potion
                  | of mutation]
  4917 | D:6      | Noticed a steam dragon
  5113 | D:6      | Slain by a wight

Illustrated notes

Levels and vault maps discovered:
D:1:      nagdon_arrival_zigzag_paths, layout_rooms,
          ebering_ecumenical_altar_webs, chequers_serial_rivers_small_a,
          minmay_misc_feat_columns, minivault_14, minmay_surrounded
D:2:      layout_loops_ring, skrybe_limestone_x
D:3:      layout_loops_corners
D:4:      layout_loops_ring, vehumet_crystals, mainiacjoe_overflow_alcove_2,
          uniq_pikel
D:5:      layout_gridville, minmay_temple_entry_antechambers, chequers_avenue,
          patterned_corridor
D:6:      layout_loops_cross
D:7:      cheibrodos_wizards_tower, layout_cave_pools, grunt_gozag_statues,
          nicolae_ru_path_of_blood, chequers_guarded_unrand_ignorance

Skill      XL: |  1  2  3  4  5  6  7 |
---------------+----------------------+-----
Necromancy     | 5 |  5.6
Stealth        | 2 3 4 |  4.9
Spellcasting   | 2 3 |  3.2
Fighting       | 1 2 |  2.9
Hexes          | 1 2 |  2.1
Short Blades   | 1 |  1.5
Ice Magic      | 1 |  1.3
Armour         | |  1.0
Dodging        | |  2.1
Shields        | |  1.0
Translocations | |  1.0

Action                   |  1- 3 |  4- 6 |  7- 9 || total
-------------------------+-------+-------+-------++-------
Melee: Dagger            |    49 |    64 |     1 ||   114
       Bite              |     3 |     8 |       ||    11
 Cast: Necrotize         |    75 |    56 |       ||   131
       Vampiric Draining |       |     5 |       ||     5
  Use: Scroll            |       |     4 |       ||     4
       Potion            |       |     2 |     1 ||     3
 Stab: Distracted        |     2 |       |       ||     2
       Sleeping          |       |       |     1 ||     1
Armor: Robe              |     3 |    20 |       ||    23
Dodge: Dodged            |    35 |    44 |     2 ||    81
Block: Buckler           |    11 |    17 |     2 ||    30

Table legend: (Time is in decaauts)
 A = Elapsed time spent in this place.
 B = Non-inter-level travel time spent in this place.
 C = Inter-level travel time spent in this place.
 D = Time resting spent in this place.
 E = Time spent auto-exploring this place.
 F = Levels seen in this place.
 G = Mean time per level.
                   A        B        C        D        E       F      G
               +--------+--------+--------+--------+--------+-----+--------+
         Total |   5116 |   4909 |    207 |      0 |   4134 |   7 |  730.9 |
       Dungeon |   5116 |   4909 |    207 |      0 |   4134 |   7 |  730.9 |
               +--------+--------+--------+--------+--------+-----+--------+

Top non-repeatable levels by time:
     D:3: 1158 daAuts
     D:5: 1044 daAuts
     D:1: 869 daAuts
     D:4: 849 daAuts
     D:2: 760 daAuts
     D:6: 427 daAuts
     D:7: 7 daAuts
